 Dungeon Crawl Stone Soup version 0.28-a0-662-g1651b1f1e0 (webtiles) character file.

Game seed: 11207269939913260882

39 Irenicus the Digger (level 3, -3/28 HPs)
             Began as a Deep Dwarf Earth Elementalist on Oct 14, 2021.
             Killed by divine providence
             ... invoked by an orc priest
              (16 damage)
             ... on level 2 of the Dungeon.
             The game lasted 00:03:57 (612 turns).

Irenicus the Digger (Deep Dwarf Earth Elementalist)  Turns: 612, Time: 00:03:58

Health: -3/28      AC:  2    Str: 11    XL:     3   Next: 26%
Magic:  1/5        EV: 12    Int: 16    God:
Gold:   52         SH:  0    Dex: 13    Spells: 2/5 levels left

rFire   . . .      SeeInvis .   d - +0 dagger
rCold   . . .      Faith    .   (no shield)
rNeg    . . .      Spirit   .   b - +0 robe
rPois   .          Reflect  .   (no helmet)
rElec   .          Harm     .   (no cloak)
rCorr   .          Rampage  .   (no gloves)
Will    .....                   (no boots)
Stlth   ++........              (no amulet)
HPRegen 0.00/turn               (no ring)
MPRegen 0.09/turn               (no ring)

@: flying
A: damage resistance, heal wounds, sense surroundings 1, no regeneration
a: Heal Wounds


You were on level 2 of the Dungeon.
You visited 1 branch of the dungeon, and saw 2 of its levels.

You collected 52 gold pieces.


Innate Abilities, Weirdness & Mutations

You are resistant to damage.
You can heal yourself by infusing magical energy.
You passively map a small area around you.
You do not regenerate.


   Skills:
 - Level 2.1 Dodging
 - Level 2.4 Stealth
 - Level 1.7 Spellcasting
 - Level 0.8 Transmutations
 + Level 5.9 Earth Magic


You had 2 spell levels left.
You knew the following spells:

 Your Spells              Type           Power      Damage    Failure   Level
w - Passwall              Tmut/Erth      10%        N/A       9%          2
z - Sandblast             Erth           40%        2d10      1%          1

Your spell library contained the following spells:

 Spells                   Type           Power      Damage    Failure   Level
 Stone Arrow              Conj/Erth      20%        3d8       19%         3
 Petrify                  Tmut/Erth      12%        N/A       47%         4

Inventory:

Hand Weapons
 d - a +0 dagger (weapon)
Missiles
 c - 2 stones
Armour
 b - a +0 robe (worn)
Scrolls
 e - a scroll of immolation {unknown}
 f - a scroll of identify {unknown}

Dungeon Overview and Level Annotations

Branches:
Dungeon (2/15)

Altars:

Shops:
D:1

( # ### ,
.##.## *
#.#...##
*
#.......
, #.#...#
,,
##....# *
,
##.....##
* *
#.....<.#
,
#?@b....#
*
#.o.)...#
##.o...##
#.o.o.##
#.##..# ,
#. #..# *
#. #...,<
#. ##.##
* , #.#


You could see 2 orc priests, 2 orcs and a bat.


Message History

Aim: an orc, wielding a +0 short sword and wearing a +0 ring mail (heavily wounded, 83% to hit)
The blast of sand hits the orc!
You kill the orc!
The orc priest shouts!
The bat hits you but does no damage. The bat closely misses you.
Okay, then.
An orc comes into view. It is wielding a +0 club.
The bat closely misses you. The orc priest closely misses you.
The orc shouts!
You hit the bat but do no damage. The bat hits you but does no damage.
The orc priest barely misses you.
You hit the orc priest but do no damage.
The bat misses you.
An orc comes into view. It is wielding a +0 whip.
The orc priest hits you with a +0 short sword.
Unknown command.
It was a potion of flight.
You feel very buoyant.
You fly up into the air.
The orc priest hits you with a +0 short sword.
An orc priest comes into view. It is wielding a +0 dagger.
The bat hits you.
The orc priest hits you with a +0 short sword.
Your magical contamination has completely faded away.
The orc hits you with a +0 whip.
* * * LOW HITPOINT WARNING * * *
The orc priest mumbles some strange prayers to Beogh against you.
Beogh smites you!
Ouch! That really hurt!
You die...

Skill      XL: |  1  2 |
---------------+-------+-----
Earth Magic    | 5 |  5.9
Dodging        | |  2.1
Stealth        | |  2.4
Spellcasting   | |  1.7
Transmutations | |  0.8

Action                   || total
-------------------------++-------
Melee: Unarmed           ||    74
       Dagger            ||    14
 Cast: Sandblast         ||    30
       Passwall          ||     6
 Abil: Heal Wounds       ||     1
  Use: Scroll            ||     1
       Potion            ||     1
 Stab: Sleeping          ||     3
Armor: Robe              ||    15
Dodge: Dodged            ||   104

Levels and vault maps discovered:
D:1:      scummos_arrival_simple_fountains, layout_basic, serial_shops,
          nicolae_shop_statue_plus
D:2:      wad_lake_hut, layout_loops_corners,
          dilly_ecumenical_altar_fadedgnrine, grunt_decor_fettered,
          feat_on_display

Notes
Turn   | Place    | Note
-------+----------+-------------------------------------------
     0 | D:1      | Irenicus the Deep Dwarf Earth Elementalist began the quest
                  | for the Orb.
     0 | D:1      | Reached XP level 1. HP: 15/15 MP: 3/3
     6 | D:1      | Found Sabedytz's Weapon Shop.
    80 | D:1      | Reached XP level 2. HP: 20/22 MP: 0/4
   103 | D:1      | Reached skill level 5 in Earth Magic
   213 | D:1      | Learned a level 2 spell: Passwall
   416 | D:1      | Reached XP level 3. HP: 28/28 MP: 1/5
   612 | D:2      | Killed from afar by an orc priest

Vanquished Creatures
  A dart slug (D:1)
  An orc (D:2)
  2 ball pythons (D:1)
  2 endoplasms (D:1)
  2 giant cockroaches (D:1)
  6 goblins (D:1)
  3 hobgoblins (D:1)
  4 jackals (D:1)
  3 quokkas (D:1)
  A bat (D:1)
  A frilled lizard (D:1)
  A kobold (D:1)
  4 rats (D:1)
31 creatures vanquished.

Vanquished Creatures (others)
  A plant (D:2)
1 creature vanquished.

Grand Total: 32 creatures vanquished

Table legend: (Time is in decaauts)
 A = Elapsed time spent in this place.
 B = Non-inter-level travel time spent in this place.
 C = Inter-level travel time spent in this place.
 D = Time resting spent in this place.
 E = Time spent auto-exploring this place.
 F = Levels seen in this place.
 G = Mean time per level.
                   A        B        C        D        E       F      G
               +--------+--------+--------+--------+--------+-----+--------+
         Total |    611 |    566 |     45 |      0 |      0 |   2 |  305.5 |
       Dungeon |    611 |    566 |     45 |      0 |      0 |   2 |  305.5 |
               +--------+--------+--------+--------+--------+-----+--------+

Top non-repeatable levels by time:
     D:1: 597 daAuts
     D:2: 13 daAuts

Table legend:
 A = Non-vault XP
 B = Vault XP
 C = Vault XP percentage of total XP
 D = Non-vault monster count
 E = Vault monster count
 F = Vault count percentage of total count
                 A         B        C        D         E       F
            +---------+---------+-------+---------+---------+-------
      Total |      56 |       0 |   0.0 |      31 |       0 |   0.0
            +---------+---------+-------+---------+---------+-------
        D:1 |      53 |       0 |   0.0 |      30 |       0 |   0.0
        D:2 |       3 |       0 |   0.0 |       1 |       0 |   0.0
            +---------+---------+-------+---------+---------+-------
